Roadrunners vs Gulls
Created - Thursday, March 6, 2025 at 20:48
Goals
|
Roadrunners |
3 |
1 |
0 |
4 |
Gulls |
1 |
0 |
0 |
1 |
|
Shots
|
Roadrunners |
12 |
8 |
8 |
28 |
Gulls |
22 |
12 |
6 |
40 |
|
1st period
1. Gulls , Jacob Perreault 12 (Olen Zellweger 22) at 1:11
2. Roadrunners , Jack Ahcan 8 (Dmitri Samorukov 20, Matthew Maggio 21) at 3:57 (PP)
3. Roadrunners , Ryker Evans 8 (Clark Bishop 36, Dylan Coghlan 45) at 7:03 (PP)
4. Roadrunners , Dylan Coghlan 23 (Matthew Maggio 22, Joona Koppanen 19) at 15:03
Penalties :
Ethan Del Mastro (SDG) for Cross-checking (Minor) at 2:44, Olen Zellweger (SDG) for Hooking (Minor) at 5:51, Dmitri Samorukov (TUS) for Tripping (Minor) at 8:26, Hunter Drew (TUS) for Hooking (Minor) at 12:24, Jacob Perreault (SDG) for High sticking (Minor) at 15:57, Oskar Steen (TUS) for Roughing (Minor) at 19:33
2nd period
5. Roadrunners , Ryker Evans 9 (Dylan Coghlan 46, Lane Pederson 50) at 17:56 (PP)
Penalties :
Seth Helgeson (SDG) for Holding (Minor) at 2:28, Clark Bishop (TUS) for Tripping (Minor) at 10:46, Lane Pederson (TUS) for Holding (Minor) at 14:04, Scott Sabourin (SDG) for Tripping (Minor) at 17:42, Trevor Carrick (SDG) for Roughing (Minor) at 18:29
3rd period
No Goal
Penalties :
Lane Pederson (TUS) for Interference (Minor) at 0:09, Alex Petrovic (SDG) for Roughing (Minor) at 3:37, Oskar Steen (TUS) for Tripping (Minor) at 6:41, Lane Pederson (TUS) for Interference (Minor) at 13:56, Trevor Carrick (SDG) for High sticking (Double Minor) at 14:14, Lane Pederson (TUS) for Tripping (Minor) at 19:56
Goalie Stats
Brandon Halverson (TUS), 39 saves from 40 shots - (0.975), W, 10-5-2, 60:00 minutes
Keith Kinkaid (SDG), 11 saves from 11 shots - (1.000), 22:04 minutes
Farm Goalie 46 (SDG), 13 saves from 17 shots - (0.765), L, 1-14-0, 37:56 minutes
Players Stats for Roadrunners
Player Name G A P +/- PIM S H SB GA TA FO MP PP MP PK MP
------------------------------------------------------------------------------------
Clark Bishop 0 1 1 0 2 1 1 0 0 0 5/5 13:00 6:21 3:23
Dmitri Samorukov 0 1 1 0 2 1 4 3 0 0 0/0 22:03 6:09 6:20
Dylan Coghlan 1 2 3 1 0 4 1 3 0 0 0/0 22:21 5:45 6:14
Gavin White 0 0 0 0 0 0 0 0 0 0 0/0 0:00 0:00 0:00
Hunter Drew 0 0 0 -1 2 0 1 0 0 0 1/2 15:04 0:33 0:39
Jack Ahcan 1 0 1 0 0 3 1 0 0 0 0/0 23:14 6:09 7:30
Jared Davidson 0 0 0 0 0 0 0 0 0 0 2/4 1:57 1:04 0:00
Jeff Malott 0 0 0 -1 0 1 0 0 0 0 0/0 14:26 0:33 0:00
Joona Koppanen 0 1 1 1 0 1 1 0 0 0 0/3 16:34 5:40 0:00
Lane Pederson 0 1 1 0 8 3 1 0 0 0 16/26 19:08 6:20 6:07
Maksymilian Szuber 0 0 0 -1 0 0 1 0 0 0 0/0 14:14 0:40 0:00
Matthew Maggio 0 2 2 1 0 4 0 0 0 0 0/1 16:58 5:40 0:00
Oskar Steen 0 0 0 1 4 1 1 0 0 0 5/18 19:54 5:33 3:04
Philip Kemp 0 0 0 -1 0 0 0 1 0 0 0/0 14:16 0:00 0:42
Roman Ahcan 0 0 0 -1 0 1 0 1 0 0 5/16 17:03 0:33 1:55
Ryker Evans 2 0 2 1 0 8 1 0 0 0 0/0 22:39 5:52 6:25
Samuel Asselin 0 0 0 0 0 0 0 0 0 0 4/9 9:20 0:00 5:28
Trey Fix-Wolansky 0 0 0 0 0 0 0 0 0 0 0/0 21:45 5:57 7:53
Players Stats for Gulls
Player Name G A P +/- PIM S H SB GA TA FO MP PP MP PK MP
------------------------------------------------------------------------------------
Alex Petrovic 0 0 0 0 2 2 0 2 0 0 0/0 23:57 6:33 5:21
Chase Stillman 0 0 0 0 0 0 0 0 0 0 0/0 0:00 0:00 0:00
Cole Cassels 0 0 0 -1 0 5 1 0 0 0 11/21 21:52 7:08 6:08
Dylan McIlrath 0 0 0 0 0 0 0 1 0 0 0/0 3:02 0:00 1:22
Ethan Del Mastro 0 0 0 0 2 2 2 1 0 0 0/0 24:22 6:45 5:42
Gabriel Dumont 0 0 0 0 0 5 0 0 0 0 1/1 20:37 5:51 1:43
Garrett Wilson 0 0 0 0 0 0 0 0 0 0 0/0 2:17 0:00 2:17
Hudson Elynuik 0 0 0 1 0 6 2 0 0 0 16/26 24:04 6:47 5:07
Jacob Perreault 1 0 1 1 2 2 2 0 0 0 0/0 11:46 1:22 0:00
Maxime Lajoie 0 0 0 0 0 2 0 2 0 0 0/0 20:02 6:23 4:35
Nick Caamano 0 0 0 0 0 4 0 0 0 0 10/13 13:07 0:00 0:00
Olen Zellweger 0 1 1 0 2 0 0 2 0 0 0/1 17:12 1:10 3:51
Sasha Pastujov 0 0 0 -1 0 2 0 0 0 0 6/18 22:59 6:42 6:33
Scott Sabourin 0 0 0 0 2 1 3 1 0 0 0/2 13:06 0:00 0:00
Seth Helgeson 0 0 0 0 2 1 0 1 0 0 0/0 9:05 0:00 0:36
Spencer Smallman 0 0 0 1 0 4 1 1 0 0 1/1 21:11 7:13 3:18
Trevor Carrick 0 0 0 0 6 2 2 1 0 0 0/0 22:16 6:58 3:43
Tyler Benson 0 0 0 -1 0 2 1 0 0 0 1/1 14:23 6:42 0:00
3 Stars
1 - Brandon Halverson (TUS)
2 - Dylan Coghlan (TUS)
3 - Ryker Evans (TUS)
Power Play
Roadrunners - 3 on 9 Attempt(s) - 33.33%
Gulls - 0 on 9 Attempt(s) - 0.00%
Penalty Kill
Roadrunners - 9 on 9 Attempt(s) - 100.00%
- Score 0 goal in Penalty Kill
Gulls - 6 on 9 Attempt(s) - 66.67%
- Score 0 goal in Penalty Kill
Team Stat
Roadrunners - Hits : 13 - Faceoff Wins : 38 - Blocked Shots : 8 - Penalty Minutes : 18
Gulls - Hits : 14 - Faceoff Wins : 46 - Blocked Shots : 12 - Penalty Minutes : 18
Official
Referees : Wes Mccauley and Graham Skilliter
Linesman : Devin Berg and Bryan Pancich
Game Notes
Keith Kinkaid enters game at 17:56 of 2nd period
Finance
Level 1 -- Attendance: 2000 (100.00%) -- Ticket Income $70,000
Level 2 -- Attendance: 969 (96.90%) -- Ticket Income $14,535
Total Attendance: 2969 (98.97%)
Total Ticket Income: $84,535
Other Income: $41,422
Total Income: $125,957
Roadrunners
5 vs 5 Forward
Center Left Wing Right Wing Time % Phy DF OF
1 Lane Pederson Clark Bishop Trey Fix-Wolansky 25 1 2 2
2 Oskar Steen Joona Koppanen Matthew Maggio 25 1 2 2
3 Roman Ahcan Jeff Malott Hunter Drew 25 1 2 2
4 Samuel Asselin Lane Pederson Trey Fix-Wolansky 25 1 2 2
5 vs 5 Defense
Defense Defense Time % Phy DF OF
1 Ryker Evans Dylan Coghlan 25 1 2 2
2 Jack Ahcan Dmitri Samorukov 25 1 2 2
3 Maksymilian Szuber Philip Kemp 25 1 2 2
4 Ryker Evans Dylan Coghlan 25 1 2 2
PowerPlay Forward
Center Left Wing Right Wing Time % Phy DF OF
1 Lane Pederson Clark Bishop Trey Fix-Wolansky 60 1 2 2
2 Oskar Steen Joona Koppanen Matthew Maggio 40 1 2 2
PowerPlay Defense
Defense Defense Time % Phy DF OF
1 Ryker Evans Dylan Coghlan 60 1 2 2
2 Jack Ahcan Dmitri Samorukov 40 1 2 2
Penalty Kill 4 Players Forward
Center Wing Time % Phy DF OF
1 Lane Pederson Trey Fix-Wolansky 60 1 2 2
2 Clark Bishop Oskar Steen 40 1 2 2
Penalty Kill 4 Players Defense
Defense Defense Time % Phy DF OF
1 Ryker Evans Dylan Coghlan 60 1 2 2
2 Jack Ahcan Dmitri Samorukov 40 1 2 2
Penalty Kill - 3 Players Forward
Forward Time % Phy DF OF
1 Lane Pederson 60 1 2 2
2 Trey Fix-Wolansky 40 1 2 2
Penalty Kill - 3 Players Defense
Defense Defense Time % Phy DF OF
1 Ryker Evans Dylan Coghlan 60 1 2 2
2 Jack Ahcan Dmitri Samorukov 40 1 2 2
4 vs 4 Forward
Center Wing Time % Phy DF OF
1 Lane Pederson Trey Fix-Wolansky 60 1 2 2
2 Clark Bishop Oskar Steen 40 1 2 2
4 vs 4 Defense
Defense Defense Time % Phy DF OF
1 Ryker Evans Dylan Coghlan 60 1 2 2
2 Jack Ahcan Dmitri Samorukov 40 1 2 2
Last Minutes Offensive
Center Left Wing Right Wing Defense Defense
Lane Pederson Clark Bishop Trey Fix-Wolansky Ryker Evans Dylan Coghlan
Last Minutes Defensive
Center Left Wing Right Wing Defense Defense
Lane Pederson Clark Bishop Trey Fix-Wolansky Ryker Evans Dylan Coghlan
Goaltenders
Starting : Brandon Halverson
Backup : Mads Sogaard
Extra Forwards
Normal : Jared Davidson, Roman Ahcan, Samuel Asselin - PP : Jared Davidson, Roman Ahcan - PK : Samuel Asselin
Extra Defensemen
Normal : Maksymilian Szuber, Philip Kemp, Hunter Drew - PP : Maksymilian Szuber - PK : Philip Kemp, Hunter Drew
Penalty Shots
Lane Pederson, Trey Fix-Wolansky, Clark Bishop, Oskar Steen, Matthew Maggio
Custom OT Lines Forwards
Lane Pederson, Trey Fix-Wolansky, Clark Bishop, Oskar Steen, Matthew Maggio, Joona Koppanen, Hunter Drew, Roman Ahcan, Samuel Asselin, Jared Davidson
Custom OT Lines Defensemen
Ryker Evans, Dylan Coghlan, Jack Ahcan, Dmitri Samorukov, Maksymilian Szuber
Scratches
Max Ellis (Healthy), Jakub Brabenec (Healthy), Daylan Kuefler (Healthy), Carl Berglund (Healthy), Wyatt Newpower (Healthy)
Gulls
5 vs 5 Forward
Center Left Wing Right Wing Time % Phy DF OF
1 Nick Caamano Scott Sabourin Gabriel Dumont 25 1 2 2
2 Cole Cassels Tyler Benson Sasha Pastujov 25 1 2 2
3 Hudson Elynuik Spencer Smallman Jacob Perreault 25 1 2 2
4 Cole Cassels Hudson Elynuik Sasha Pastujov 25 1 2 2
5 vs 5 Defense
Defense Defense Time % Phy DF OF
1 Alex Petrovic Maxime Lajoie 25 1 2 2
2 Seth Helgeson Ethan Del Mastro 25 1 2 2
3 Olen Zellweger Trevor Carrick 25 1 2 2
4 Alex Petrovic Ethan Del Mastro 25 1 2 2
PowerPlay Forward
Center Left Wing Right Wing Time % Phy DF OF
1 Hudson Elynuik Spencer Smallman Gabriel Dumont 60 1 2 2
2 Cole Cassels Tyler Benson Sasha Pastujov 40 1 2 2
PowerPlay Defense
Defense Defense Time % Phy DF OF
1 Alex Petrovic Trevor Carrick 60 1 2 2
2 Maxime Lajoie Ethan Del Mastro 40 1 2 2
Penalty Kill 4 Players Forward
Center Wing Time % Phy DF OF
1 Sasha Pastujov Hudson Elynuik 60 1 2 2
2 Cole Cassels Spencer Smallman 40 1 2 2
Penalty Kill 4 Players Defense
Defense Defense Time % Phy DF OF
1 Trevor Carrick Alex Petrovic 60 1 2 2
2 Maxime Lajoie Ethan Del Mastro 40 1 2 2
Penalty Kill - 3 Players Forward
Forward Time % Phy DF OF
1 Cole Cassels 60 1 2 2
2 Hudson Elynuik 40 1 2 2
Penalty Kill - 3 Players Defense
Defense Defense Time % Phy DF OF
1 Trevor Carrick Alex Petrovic 60 1 2 2
2 Seth Helgeson Ethan Del Mastro 40 1 2 2
4 vs 4 Forward
Center Wing Time % Phy DF OF
1 Sasha Pastujov Hudson Elynuik 60 1 2 2
2 Cole Cassels Spencer Smallman 40 1 2 2
4 vs 4 Defense
Defense Defense Time % Phy DF OF
1 Alex Petrovic Maxime Lajoie 60 1 2 2
2 Trevor Carrick Ethan Del Mastro 40 1 2 2
Last Minutes Offensive
Center Left Wing Right Wing Defense Defense
Cole Cassels Hudson Elynuik Sasha Pastujov Ethan Del Mastro Alex Petrovic
Last Minutes Defensive
Center Left Wing Right Wing Defense Defense
Cole Cassels Hudson Elynuik Sasha Pastujov Ethan Del Mastro Alex Petrovic
Goaltenders
Starting : Farm Goalie 46
Backup : Keith Kinkaid
Extra Forwards
Normal : Spencer Smallman, Hudson Elynuik, Cole Cassels - PP : Spencer Smallman, Hudson Elynuik - PK : Cole Cassels
Extra Defensemen
Normal : Ethan Del Mastro, Trevor Carrick, Alex Petrovic - PP : Ethan Del Mastro - PK : Trevor Carrick, Ethan Del Mastro
Penalty Shots
Spencer Smallman, Sasha Pastujov, Cole Cassels, Nick Caamano, Hudson Elynuik
Custom OT Lines Forwards
Spencer Smallman, Nick Caamano, Cole Cassels, Tyler Benson, Hudson Elynuik, Gabriel Dumont, Sasha Pastujov, Scott Sabourin, Jacob Perreault, Chase Stillman
Custom OT Lines Defensemen
Alex Petrovic, Maxime Lajoie, Seth Helgeson, Ethan Del Mastro, Trevor Carrick
Scratches
Matvei Petrov (Healthy), Alex Peters (Healthy), Shane Bowers (Healthy), Jamieson Rees (Healthy), Olivier Galipeau (Healthy)
Travis Howe (Healthy), Brennan Saulnier (Healthy), Anthony Vincent (Healthy), Ryan Wagner (Healthy), Brandon Hickey (Healthy)
Dalton Smith (Healthy), Mitchell Vande Sompel (Healthy), Farm Goalie 21 (Healthy)
% Time on Ice - Roadrunners
Lines # - Real PCT - Wanted PCT - Time Play
Normal Forward
1 - 9% - 25% - 2:52
2 - 35% - 25% - 10:54
3 - 44% - 25% - 13:53
4 - 12% - 25% - 3:52
Normal Defense
1 - 15% - 25% - 4:39
2 - 28% - 25% - 8:44
3 - 43% - 25% - 13:34
4 - 14% - 25% - 4:34
PP Forward
1 - 55% - 60% - 6:54
2 - 45% - 40% - 5:40
PP Defense
1 - 47% - 60% - 5:52
2 - 53% - 40% - 6:42
PK Forward
1 - 71% - 60% - 9:56
2 - 29% - 40% - 3:59
PK Defense
1 - 46% - 60% - 6:25
2 - 54% - 40% - 7:30
PK3 Forward
1 - 0% - 60%
2 - 0% - 40%
PK3 Defense
1 - 0% - 60%
2 - 0% - 40%
44 Forward
1 - 79% - 60% - 1:35
2 - 21% - 40% - 0:25
44 Defense
1 - 58% - 60% - 1:09
2 - 43% - 40% - 0:51
Last Minute Offensive - 0:00
Last Minute Defensive - 0:00
Total
Forward - 60:00
Defense - 60:00
|
% Time on Ice - Gulls
Lines # - Real PCT - Wanted PCT - Time Play
Normal Forward
1 - 42% - 25% - 13:07
2 - 24% - 25% - 7:41
3 - 31% - 25% - 9:48
4 - 3% - 25% - 0:55
Normal Defense
1 - 26% - 25% - 8:03
2 - 27% - 25% - 8:30
3 - 39% - 25% - 12:24
4 - 8% - 25% - 2:34
PP Forward
1 - 52% - 60% - 7:13
2 - 48% - 40% - 6:42
PP Defense
1 - 54% - 60% - 7:32
2 - 46% - 40% - 6:23
PK Forward
1 - 74% - 60% - 9:16
2 - 26% - 40% - 3:18
PK Defense
1 - 64% - 60% - 7:59
2 - 36% - 40% - 4:35
PK3 Forward
1 - 0% - 60%
2 - 0% - 40%
PK3 Defense
1 - 0% - 60%
2 - 0% - 40%
44 Forward
1 - 73% - 60% - 1:27
2 - 28% - 40% - 0:33
44 Defense
1 - 51% - 60% - 1:01
2 - 49% - 40% - 0:59
Last Minute Offensive - 0:00
Last Minute Defensive - 0:00
Total
Forward - 60:00
Defense - 60:00
|
Play-by-Play
1st period
0:01 of 1st period - Lane Pederson wins face-off versus Nick Caamano in neutral zone.
0:16 of 1st period - Shot by Nick Caamano.
0:16 of 1st period - Deflect By Scott Sabourin.
0:16 of 1st period - Shot Blocked by Dylan Coghlan.
0:18 of 1st period - Shot by Alex Petrovic.
0:18 of 1st period - Stopped by Brandon Halverson without a rebound.
0:19 of 1st period - Cole Cassels wins face-off versus Oskar Steen in Roadrunners zone.
0:25 of 1st period - Tyler Benson is hit by Jack Ahcan and loses puck.
0:30 of 1st period - Shot by Sasha Pastujov.
0:30 of 1st period - Shot Misses the Net.
0:32 of 1st period - Shot by Sasha Pastujov.
0:32 of 1st period - Deflect By Cole Cassels.
0:32 of 1st period - Stopped by Brandon Halverson without a rebound.
0:33 of 1st period - Hudson Elynuik wins face-off versus Roman Ahcan in Roadrunners zone.
1:11 of 1st period - Shot by Jacob Perreault.
1:11 of 1st period - Goal by Jacob Perreault - Roadrunners : 0 - Gulls : 1.
1:12 of 1st period - Samuel Asselin wins face-off versus Cole Cassels in neutral zone.
1:35 of 1st period - Shot by Cole Cassels.
1:35 of 1st period - Stopped by Brandon Halverson without a rebound.
1:36 of 1st period - Nick Caamano wins face-off versus Oskar Steen in Roadrunners zone.
1:41 of 1st period - Shot by Gabriel Dumont.
1:41 of 1st period - Stopped by Brandon Halverson without a rebound.
1:42 of 1st period - Oskar Steen wins face-off versus Scott Sabourin in Roadrunners zone.
1:42 of 1st period - Oskar Steen is hit by Scott Sabourin.
2:00 of 1st period - Gabriel Dumont is hit by Dmitri Samorukov and loses puck.
2:10 of 1st period - Oskar Steen is hit by Ethan Del Mastro and loses puck.
2:15 of 1st period - Shot by Matthew Maggio.
2:15 of 1st period - Shot Misses the Net.
2:17 of 1st period - Shot by Dmitri Samorukov.
2:17 of 1st period - Deflect By Matthew Maggio.
2:17 of 1st period - Shot Blocked by Seth Helgeson.
2:39 of 1st period - Shot by Lane Pederson.
2:39 of 1st period - Shot Misses the Net.
2:41 of 1st period - Shot by Ryker Evans.
2:41 of 1st period - Stopped by Farm Goalie 46 with a rebound.
2:43 of 1st period - Shot by Trey Fix-Wolansky.
2:43 of 1st period - Shot Misses the Net.
2:44 of 1st period - Minor Penalty to Ethan Del Mastro for Cross-checking.
2:45 of 1st period - Sasha Pastujov wins face-off versus Lane Pederson in Gulls zone.
2:45 of 1st period - Sasha Pastujov is hit by Clark Bishop.
2:52 of 1st period - Icing by Ryker Evans.
2:53 of 1st period - Lane Pederson wins face-off versus Sasha Pastujov in Roadrunners zone.
2:53 of 1st period - Lane Pederson is hit by Hudson Elynuik.
3:11 of 1st period - Shot by Ryker Evans.
3:11 of 1st period - Shot Misses the Net.
3:13 of 1st period - Shot by Dylan Coghlan.
3:13 of 1st period - Shot Blocked by Alex Petrovic.
3:15 of 1st period - Shot by Ryker Evans.
3:15 of 1st period - Stopped by Farm Goalie 46 with a rebound.
3:17 of 1st period - Shot by Dylan Coghlan.
3:17 of 1st period - Stopped by Farm Goalie 46 with a rebound.
3:31 of 1st period - Shot by Matthew Maggio.
3:31 of 1st period - Stopped by Farm Goalie 46 without a rebound.
3:32 of 1st period - Cole Cassels wins face-off versus Oskar Steen in Gulls zone.
3:45 of 1st period - Shot by Joona Koppanen.
3:45 of 1st period - Shot Misses the Net.
3:47 of 1st period - Shot by Oskar Steen.
3:47 of 1st period - Stopped by Farm Goalie 46 with a rebound.
3:49 of 1st period - Shot by Matthew Maggio.
3:49 of 1st period - Shot Blocked by Spencer Smallman.
3:51 of 1st period - Shot by Jack Ahcan.
3:51 of 1st period - Shot Misses the Net.
3:53 of 1st period - Shot by Jack Ahcan.
3:53 of 1st period - Stopped by Farm Goalie 46 with a rebound.
3:55 of 1st period - Shot by Dmitri Samorukov.
3:55 of 1st period - Shot Blocked by Olen Zellweger.
3:57 of 1st period - Shot by Jack Ahcan.
3:57 of 1st period - Goal by Jack Ahcan - Roadrunners : 1 - Gulls : 1.
3:58 of 1st period - Roman Ahcan wins face-off versus Scott Sabourin in neutral zone.
3:58 of 1st period - Roman Ahcan is hit by Scott Sabourin.
4:30 of 1st period - Shot by Jeff Malott.
4:30 of 1st period - Shot Misses the Net.
4:50 of 1st period - Shot by Sasha Pastujov.
4:50 of 1st period - Shot Blocked by Roman Ahcan.
4:52 of 1st period - Shot by Cole Cassels.
4:52 of 1st period - Stopped by Brandon Halverson with a rebound.
4:54 of 1st period - Shot by Alex Petrovic.
4:54 of 1st period - Stopped by Brandon Halverson with a rebound.
5:04 of 1st period - Shot by Hudson Elynuik.
5:04 of 1st period - Stopped by Brandon Halverson without a rebound.
5:05 of 1st period - Hudson Elynuik wins face-off versus Samuel Asselin in Roadrunners zone.
5:30 of 1st period - Shot by Jacob Perreault.
5:30 of 1st period - Shot Misses the Net.
5:51 of 1st period - Minor Penalty to Olen Zellweger for Hooking.
5:52 of 1st period - Sasha Pastujov wins face-off versus Oskar Steen in Gulls zone.
6:41 of 1st period - Shot by Ryker Evans.
6:41 of 1st period - Shot Misses the Net.
6:47 of 1st period - Shot by Dylan Coghlan.
6:47 of 1st period - Shot Blocked by Maxime Lajoie.
6:49 of 1st period - Shot by Ryker Evans.
6:49 of 1st period - Shot Misses the Net.
6:59 of 1st period - Shot by Dylan Coghlan.
6:59 of 1st period - Shot Misses the Net.
7:03 of 1st period - Shot by Ryker Evans.
7:03 of 1st period - Goal by Ryker Evans - Roadrunners : 2 - Gulls : 1.
7:04 of 1st period - Nick Caamano wins face-off versus Roman Ahcan in neutral zone.
7:58 of 1st period - Icing by Gabriel Dumont.
7:59 of 1st period - Nick Caamano wins face-off versus Oskar Steen in Gulls zone.
7:59 of 1st period - Olen Zellweger is hit by Oskar Steen and loses puck.
8:26 of 1st period - Minor Penalty to Dmitri Samorukov for Tripping.
8:27 of 1st period - Lane Pederson wins face-off versus Cole Cassels in Roadrunners zone.
9:21 of 1st period - Shot by Ethan Del Mastro.
9:21 of 1st period - Shot Misses the Net.
9:23 of 1st period - Shot by Spencer Smallman.
9:23 of 1st period - Stopped by Brandon Halverson without a rebound.
9:24 of 1st period - Clark Bishop wins face-off versus Hudson Elynuik in Roadrunners zone.
9:38 of 1st period - Shot by Alex Petrovic.
9:38 of 1st period - Shot Misses the Net.
10:12 of 1st period - Shot by Tyler Benson.
10:12 of 1st period - Shot Misses the Net.
10:14 of 1st period - Shot by Cole Cassels.
10:14 of 1st period - Shot Misses the Net.
10:24 of 1st period - Shot by Ethan Del Mastro.
10:24 of 1st period - Shot Misses the Net.
10:26 of 1st period - Shot by Tyler Benson.
10:26 of 1st period - Stopped by Brandon Halverson with a rebound.
10:31 of 1st period - Off-side.
10:32 of 1st period - Nick Caamano wins face-off versus Oskar Steen in neutral zone.
10:51 of 1st period - Shot by Seth Helgeson.
10:51 of 1st period - Stopped by Brandon Halverson without a rebound.
10:52 of 1st period - Hudson Elynuik wins face-off versus Roman Ahcan in Roadrunners zone.
11:22 of 1st period - Shot by Hudson Elynuik.
11:22 of 1st period - Stopped by Brandon Halverson without a rebound.
11:23 of 1st period - Cole Cassels wins face-off versus Oskar Steen in Roadrunners zone.
11:23 of 1st period - Cole Cassels is hit by Dylan Coghlan.
11:27 of 1st period - Shot by Tyler Benson.
11:27 of 1st period - Shot Blocked by Dylan Coghlan.
11:29 of 1st period - Shot by Maxime Lajoie.
11:29 of 1st period - Shot Misses the Net.
11:31 of 1st period - Shot by Sasha Pastujov.
11:31 of 1st period - Stopped by Brandon Halverson without a rebound.
11:32 of 1st period - Nick Caamano wins face-off versus Matthew Maggio in Roadrunners zone.
11:39 of 1st period - Shot by Gabriel Dumont.
11:39 of 1st period - Stopped by Brandon Halverson without a rebound.
11:40 of 1st period - Lane Pederson wins face-off versus Sasha Pastujov in Roadrunners zone.
12:24 of 1st period - Minor Penalty to Hunter Drew for Hooking.
12:25 of 1st period - Clark Bishop wins face-off versus Hudson Elynuik in Roadrunners zone.
12:31 of 1st period - Icing by Alex Petrovic.
12:32 of 1st period - Lane Pederson wins face-off versus Hudson Elynuik in Gulls zone.
12:41 of 1st period - Dmitri Samorukov is hit by Spencer Smallman and loses puck.
12:46 of 1st period - Shot by Trevor Carrick.
12:46 of 1st period - Shot Misses the Net.
12:56 of 1st period - Shot by Alex Petrovic.
12:56 of 1st period - Shot Blocked by Dmitri Samorukov.
12:58 of 1st period - Shot by Trevor Carrick.
12:58 of 1st period - Shot Misses the Net.
13:00 of 1st period - Shot by Hudson Elynuik.
13:00 of 1st period - Stopped by Brandon Halverson without a rebound.
13:01 of 1st period - Clark Bishop wins face-off versus Cole Cassels in Roadrunners zone.
13:07 of 1st period - Icing by Maxime Lajoie.
13:08 of 1st period - Clark Bishop wins face-off versus Cole Cassels in Gulls zone.
14:08 of 1st period - Shot by Trevor Carrick.
14:08 of 1st period - Shot Misses the Net.
14:10 of 1st period - Shot by Hudson Elynuik.
14:10 of 1st period - Stopped by Brandon Halverson without a rebound.
14:11 of 1st period - Hudson Elynuik wins face-off versus Samuel Asselin in Roadrunners zone.
14:16 of 1st period - Shot by Gabriel Dumont.
14:16 of 1st period - Shot Misses the Net.
14:35 of 1st period - Shot by Nick Caamano.
14:35 of 1st period - Stopped by Brandon Halverson without a rebound.
14:36 of 1st period - Oskar Steen wins face-off versus Cole Cassels in Roadrunners zone.
14:45 of 1st period - Shot by Joona Koppanen.
14:45 of 1st period - Shot Misses the Net.
14:47 of 1st period - Shot by Matthew Maggio.
14:47 of 1st period - Stopped by Farm Goalie 46 with a rebound.
14:49 of 1st period - Shot by Joona Koppanen.
14:49 of 1st period - Shot Misses the Net.
14:51 of 1st period - Shot by Joona Koppanen.
14:51 of 1st period - Deflect By Matthew Maggio.
14:51 of 1st period - Shot Misses the Net.
15:01 of 1st period - Shot by Dylan Coghlan.
15:01 of 1st period - Stopped by Farm Goalie 46 with a rebound.
15:03 of 1st period - Shot by Dylan Coghlan.
15:03 of 1st period - Goal by Dylan Coghlan - Roadrunners : 3 - Gulls : 1.
15:04 of 1st period - Hudson Elynuik wins face-off versus Roman Ahcan in neutral zone.
15:09 of 1st period - Shot by Spencer Smallman.
15:09 of 1st period - Stopped by Brandon Halverson with a rebound.
15:11 of 1st period - Shot by Alex Petrovic.
15:11 of 1st period - Shot Misses the Net.
15:13 of 1st period - Shot by Jacob Perreault.
15:13 of 1st period - Stopped by Brandon Halverson without a rebound.
15:14 of 1st period - Hudson Elynuik wins face-off versus Samuel Asselin in Roadrunners zone.
15:15 of 1st period - Shot by Spencer Smallman.
15:15 of 1st period - Stopped by Brandon Halverson without a rebound.
15:16 of 1st period - Samuel Asselin wins face-off versus Hudson Elynuik in Roadrunners zone.
15:35 of 1st period - Lane Pederson is hit by Ethan Del Mastro and loses puck.
15:48 of 1st period - Shot by Trey Fix-Wolansky.
15:48 of 1st period - Shot Misses the Net.
15:57 of 1st period - Minor Penalty to Jacob Perreault for High sticking.
15:58 of 1st period - Oskar Steen wins face-off versus Sasha Pastujov in Gulls zone.
16:27 of 1st period - Shot by Ryker Evans.
16:27 of 1st period - Shot Blocked by Trevor Carrick.
16:29 of 1st period - Shot by Matthew Maggio.
16:29 of 1st period - Shot Misses the Net.
17:05 of 1st period - Shot by Gabriel Dumont.
17:05 of 1st period - Shot Misses the Net.
17:07 of 1st period - Shot by Maxime Lajoie.
17:07 of 1st period - Stopped by Brandon Halverson with a rebound.
17:47 of 1st period - Shot by Ryker Evans.
17:47 of 1st period - Shot Blocked by Dylan McIlrath.
17:49 of 1st period - Shot by Dylan Coghlan.
17:49 of 1st period - Stopped by Farm Goalie 46 without a rebound.
17:50 of 1st period - Jared Davidson wins face-off versus Sasha Pastujov in Gulls zone.
18:05 of 1st period - Shot by Scott Sabourin.
18:05 of 1st period - Shot Misses the Net.
18:07 of 1st period - Shot by Gabriel Dumont.
18:07 of 1st period - Shot Misses the Net.
18:09 of 1st period - Shot by Scott Sabourin.
18:09 of 1st period - Shot Misses the Net.
18:11 of 1st period - Shot by Nick Caamano.
18:11 of 1st period - Shot Misses the Net.
18:25 of 1st period - Shot by Gabriel Dumont.
18:25 of 1st period - Stopped by Brandon Halverson without a rebound.
18:26 of 1st period - Roman Ahcan wins face-off versus Hudson Elynuik in Roadrunners zone.
18:26 of 1st period - Roman Ahcan is hit by Jacob Perreault.
18:53 of 1st period - Shot by Jacob Perreault.
18:53 of 1st period - Shot Misses the Net.
18:55 of 1st period - Shot by Jacob Perreault.
18:55 of 1st period - Shot Misses the Net.
19:10 of 1st period - Icing by Tyler Benson.
19:11 of 1st period - Cole Cassels wins face-off versus Oskar Steen in Gulls zone.
19:33 of 1st period - Minor Penalty to Oskar Steen for Roughing.
19:34 of 1st period - Hudson Elynuik wins face-off versus Lane Pederson in Roadrunners zone.
19:55 of 1st period - Shot by Ethan Del Mastro.
19:55 of 1st period - Shot Blocked by Dmitri Samorukov.
Goals for this period are 3 for Roadrunners vs 1 for Gulls.
Shots for this period are 12 for Roadrunners vs 22 for Gulls.
2nd period
0:01 of 2nd period - Hudson Elynuik wins face-off versus Lane Pederson in neutral zone.
0:06 of 2nd period - Shot by Trevor Carrick.
0:06 of 2nd period - Shot Misses the Net.
0:08 of 2nd period - Shot by Spencer Smallman.
0:08 of 2nd period - Shot Misses the Net.
0:34 of 2nd period - Shot by Hudson Elynuik.
0:34 of 2nd period - Shot Misses the Net.
1:30 of 2nd period - Shot by Trevor Carrick.
1:30 of 2nd period - Shot Misses the Net.
1:51 of 2nd period - Shot by Trevor Carrick.
1:51 of 2nd period - Stopped by Brandon Halverson with a rebound.
2:18 of 2nd period - Icing by Jacob Perreault.
2:19 of 2nd period - Hudson Elynuik wins face-off versus Roman Ahcan in Gulls zone.
2:19 of 2nd period - Hudson Elynuik is hit by Hunter Drew.
2:28 of 2nd period - Minor Penalty to Seth Helgeson for Holding.
2:29 of 2nd period - Sasha Pastujov wins face-off versus Lane Pederson in Gulls zone.
3:34 of 2nd period - Shot by Ryker Evans.
3:34 of 2nd period - Stopped by Farm Goalie 46 without a rebound.
3:35 of 2nd period - Oskar Steen wins face-off versus Sasha Pastujov in Gulls zone.
4:36 of 2nd period - Shot by Gabriel Dumont.
4:36 of 2nd period - Deflect By Nick Caamano.
4:36 of 2nd period - Shot Blocked by Philip Kemp.
4:38 of 2nd period - Shot by Nick Caamano.
4:38 of 2nd period - Stopped by Brandon Halverson with a rebound.
4:40 of 2nd period - Shot by Scott Sabourin.
4:40 of 2nd period - Shot Misses the Net.
4:42 of 2nd period - Shot by Scott Sabourin.
4:42 of 2nd period - Deflect By Nick Caamano.
4:42 of 2nd period - Stopped by Brandon Halverson without a rebound.
4:43 of 2nd period - Nick Caamano wins face-off versus Roman Ahcan in Roadrunners zone.
4:52 of 2nd period - Shot by Scott Sabourin.
4:52 of 2nd period - Shot Hit the Post.
4:54 of 2nd period - Shot by Scott Sabourin.
4:54 of 2nd period - Stopped by Brandon Halverson with a rebound.
5:52 of 2nd period - Shot by Cole Cassels.
5:52 of 2nd period - Shot Misses the Net.
6:08 of 2nd period - Shot by Jacob Perreault.
6:08 of 2nd period - Shot Misses the Net.
6:10 of 2nd period - Shot by Ethan Del Mastro.
6:10 of 2nd period - Stopped by Brandon Halverson without a rebound.
6:11 of 2nd period - Spencer Smallman wins face-off versus Joona Koppanen in Roadrunners zone.
6:11 of 2nd period - Spencer Smallman is hit by Dmitri Samorukov.
6:16 of 2nd period - Icing by Dmitri Samorukov.
6:17 of 2nd period - Hudson Elynuik wins face-off versus Oskar Steen in Roadrunners zone.
7:24 of 2nd period - Shot by Maksymilian Szuber.
7:24 of 2nd period - Shot Misses the Net.
7:34 of 2nd period - Shot by Jeff Malott.
7:34 of 2nd period - Stopped by Farm Goalie 46 without a rebound.
7:35 of 2nd period - Cole Cassels wins face-off versus Lane Pederson in Gulls zone.
8:04 of 2nd period - Shot by Tyler Benson.
8:04 of 2nd period - Shot Blocked by Dylan Coghlan.
8:37 of 2nd period - Nick Caamano is hit by Dmitri Samorukov and loses puck.
8:44 of 2nd period - Shot by Gabriel Dumont.
8:44 of 2nd period - Shot Misses the Net.
9:45 of 2nd period - Cole Cassels is hit by Joona Koppanen and loses puck.
9:49 of 2nd period - Icing by Trevor Carrick.
9:50 of 2nd period - Hunter Drew wins face-off versus Sasha Pastujov in Gulls zone.
10:05 of 2nd period - Shot by Roman Ahcan.
10:05 of 2nd period - Stopped by Farm Goalie 46 with a rebound.
10:07 of 2nd period - Shot by Jeff Malott.
10:07 of 2nd period - Shot Misses the Net.
10:09 of 2nd period - Shot by Jeff Malott.
10:09 of 2nd period - Shot Blocked by Olen Zellweger.
10:27 of 2nd period - Shot by Hunter Drew.
10:27 of 2nd period - Shot Misses the Net.
10:46 of 2nd period - Minor Penalty to Clark Bishop for Tripping.
10:47 of 2nd period - Gabriel Dumont wins face-off versus Lane Pederson in Roadrunners zone.
10:56 of 2nd period - Shot by Hudson Elynuik.
10:56 of 2nd period - Shot Misses the Net.
10:58 of 2nd period - Shot by Ethan Del Mastro.
10:58 of 2nd period - Stopped by Brandon Halverson without a rebound.
10:59 of 2nd period - Hudson Elynuik wins face-off versus Lane Pederson in Roadrunners zone.
11:12 of 2nd period - Shot by Spencer Smallman.
11:12 of 2nd period - Stopped by Brandon Halverson with a rebound.
11:18 of 2nd period - Shot by Gabriel Dumont.
11:18 of 2nd period - Stopped by Brandon Halverson without a rebound.
11:19 of 2nd period - Lane Pederson wins face-off versus Hudson Elynuik in Roadrunners zone.
11:26 of 2nd period - Shot by Trevor Carrick.
11:26 of 2nd period - Stopped by Brandon Halverson without a rebound.
11:27 of 2nd period - Hudson Elynuik wins face-off versus Lane Pederson in Roadrunners zone.
11:30 of 2nd period - Shot by Maxime Lajoie.
11:30 of 2nd period - Stopped by Brandon Halverson without a rebound.
11:31 of 2nd period - Lane Pederson wins face-off versus Hudson Elynuik in Roadrunners zone.
11:31 of 2nd period - Lane Pederson is hit by Hudson Elynuik.
12:17 of 2nd period - Shot by Tyler Benson.
12:17 of 2nd period - Shot Misses the Net.
12:35 of 2nd period - Oskar Steen is hit by Cole Cassels and loses puck.
12:49 of 2nd period - Icing by Jeff Malott.
12:50 of 2nd period - Nick Caamano wins face-off versus Roman Ahcan in Roadrunners zone.
13:23 of 2nd period - Icing by Jeff Malott.
13:24 of 2nd period - Hudson Elynuik wins face-off versus Hunter Drew in Roadrunners zone.
13:24 of 2nd period - Alex Petrovic is hit by Maksymilian Szuber and loses puck.
13:50 of 2nd period - Icing by Jacob Perreault.
13:51 of 2nd period - Hudson Elynuik wins face-off versus Oskar Steen in Gulls zone.
13:57 of 2nd period - Icing by Jacob Perreault.
13:58 of 2nd period - Lane Pederson wins face-off versus Hudson Elynuik in Gulls zone.
14:04 of 2nd period - Minor Penalty to Lane Pederson for Holding.
14:05 of 2nd period - Tyler Benson wins face-off versus Samuel Asselin in Roadrunners zone.
14:32 of 2nd period - Shot by Tyler Benson.
14:32 of 2nd period - Shot Misses the Net.
14:44 of 2nd period - Samuel Asselin is hit by Tyler Benson and loses puck.
15:46 of 2nd period - Icing by Olen Zellweger.
15:47 of 2nd period - Oskar Steen wins face-off versus Cole Cassels in Gulls zone.
16:08 of 2nd period - Icing by Maksymilian Szuber.
16:09 of 2nd period - Nick Caamano wins face-off versus Oskar Steen in Roadrunners zone.
16:16 of 2nd period - Shot by Gabriel Dumont.
16:16 of 2nd period - Stopped by Brandon Halverson without a rebound.
16:17 of 2nd period - Hudson Elynuik wins face-off versus Roman Ahcan in Roadrunners zone.
16:40 of 2nd period - Shot by Hudson Elynuik.
16:40 of 2nd period - Stopped by Brandon Halverson with a rebound.
17:42 of 2nd period - Minor Penalty to Scott Sabourin for Tripping.
17:43 of 2nd period - Lane Pederson wins face-off versus Sasha Pastujov in Gulls zone.
17:50 of 2nd period - Shot by Clark Bishop.
17:50 of 2nd period - Shot Misses the Net.
17:52 of 2nd period - Shot by Lane Pederson.
17:52 of 2nd period - Stopped by Farm Goalie 46 with a rebound.
17:54 of 2nd period - Shot by Dylan Coghlan.
17:54 of 2nd period - Shot Blocked by Alex Petrovic.
17:56 of 2nd period - Shot by Ryker Evans.
17:56 of 2nd period - Goal by Ryker Evans - Roadrunners : 4 - Gulls : 1.
17:56 of 2nd period - Keith Kinkaid enters game.
17:57 of 2nd period - Cole Cassels wins face-off versus Oskar Steen in neutral zone.
18:21 of 2nd period - Matthew Maggio is hit by Trevor Carrick and loses puck.
18:29 of 2nd period - Minor Penalty to Trevor Carrick for Roughing.
18:30 of 2nd period - Lane Pederson wins face-off versus Sasha Pastujov in Gulls zone.
18:39 of 2nd period - Shot by Lane Pederson.
18:39 of 2nd period - Shot Misses the Net.
18:41 of 2nd period - Shot by Lane Pederson.
18:41 of 2nd period - Shot Misses the Net.
18:43 of 2nd period - Shot by Ryker Evans.
18:43 of 2nd period - Stopped by Keith Kinkaid without a rebound.
18:44 of 2nd period - Lane Pederson wins face-off versus Cole Cassels in Gulls zone.
18:45 of 2nd period - Shot by Ryker Evans.
18:45 of 2nd period - Stopped by Keith Kinkaid without a rebound.
18:46 of 2nd period - Sasha Pastujov wins face-off versus Lane Pederson in Gulls zone.
19:15 of 2nd period - Shot by Lane Pederson.
19:15 of 2nd period - Shot Misses the Net.
19:17 of 2nd period - Shot by Ryker Evans.
19:17 of 2nd period - Stopped by Keith Kinkaid without a rebound.
19:18 of 2nd period - Sasha Pastujov wins face-off versus Joona Koppanen in Gulls zone.
19:39 of 2nd period - Shot by Oskar Steen.
19:39 of 2nd period - Shot Misses the Net.
Goals for this period are 1 for Roadrunners vs 0 for Gulls.
Shots for this period are 8 for Roadrunners vs 12 for Gulls.
3rd period
0:01 of 3rd period - Lane Pederson wins face-off versus Sasha Pastujov in neutral zone.
0:08 of 3rd period - Shot by Lane Pederson.
0:08 of 3rd period - Shot Misses the Net.
0:09 of 3rd period - Minor Penalty to Lane Pederson for Interference.
0:10 of 3rd period - Sasha Pastujov wins face-off versus Jared Davidson in Roadrunners zone.
2:21 of 3rd period - Shot by Scott Sabourin.
2:21 of 3rd period - Shot Misses the Net.
3:06 of 3rd period - Shot by Sasha Pastujov.
3:06 of 3rd period - Shot Misses the Net.
3:30 of 3rd period - Shot by Matthew Maggio.
3:30 of 3rd period - Stopped by Keith Kinkaid with a rebound.
3:37 of 3rd period - Minor Penalty to Alex Petrovic for Roughing.
3:38 of 3rd period - Lane Pederson wins face-off versus Olen Zellweger in Gulls zone.
3:39 of 3rd period - Shot by Trey Fix-Wolansky.
3:39 of 3rd period - Deflect By Lane Pederson.
3:39 of 3rd period - Stopped by Keith Kinkaid without a rebound.
3:40 of 3rd period - Lane Pederson wins face-off versus Sasha Pastujov in Gulls zone.
3:43 of 3rd period - Shot by Clark Bishop.
3:43 of 3rd period - Stopped by Keith Kinkaid with a rebound.
3:45 of 3rd period - Shot by Dmitri Samorukov.
3:45 of 3rd period - Shot Blocked by Maxime Lajoie.
4:09 of 3rd period - Shot by Lane Pederson.
4:09 of 3rd period - Shot Misses the Net.
4:11 of 3rd period - Shot by Lane Pederson.
4:11 of 3rd period - Shot Misses the Net.
4:13 of 3rd period - Shot by Trey Fix-Wolansky.
4:13 of 3rd period - Shot Blocked by Ethan Del Mastro.
4:15 of 3rd period - Shot by Dmitri Samorukov.
4:15 of 3rd period - Stopped by Keith Kinkaid without a rebound.
4:16 of 3rd period - Cole Cassels wins face-off versus Joona Koppanen in Gulls zone.
5:09 of 3rd period - Shot by Trey Fix-Wolansky.
5:09 of 3rd period - Deflect By Lane Pederson.
5:09 of 3rd period - Stopped by Keith Kinkaid without a rebound.
5:10 of 3rd period - Cole Cassels wins face-off versus Lane Pederson in Gulls zone.
5:10 of 3rd period - Cole Cassels is hit by Lane Pederson.
6:41 of 3rd period - Minor Penalty to Oskar Steen for Tripping.
6:42 of 3rd period - Lane Pederson wins face-off versus Cole Cassels in Roadrunners zone.
7:03 of 3rd period - Shot by Cole Cassels.
7:03 of 3rd period - Stopped by Brandon Halverson without a rebound.
7:04 of 3rd period - Clark Bishop wins face-off versus Hudson Elynuik in Roadrunners zone.
7:15 of 3rd period - Dmitri Samorukov is hit by Jacob Perreault.
8:23 of 3rd period - Shot by Maxime Lajoie.
8:23 of 3rd period - Shot Blocked by Dmitri Samorukov.
9:11 of 3rd period - Shot by Joona Koppanen.
9:11 of 3rd period - Shot Misses the Net.
9:13 of 3rd period - Shot by Joona Koppanen.
9:13 of 3rd period - Stopped by Keith Kinkaid without a rebound.
9:14 of 3rd period - Roman Ahcan wins face-off versus Hudson Elynuik in Gulls zone.
9:29 of 3rd period - Shot by Hudson Elynuik.
9:29 of 3rd period - Shot Misses the Net.
9:50 of 3rd period - Icing by Jeff Malott.
9:51 of 3rd period - Roman Ahcan wins face-off versus Nick Caamano in Roadrunners zone.
10:05 of 3rd period - Nick Caamano is hit by Dmitri Samorukov and loses puck.
10:12 of 3rd period - Shot by Nick Caamano.
10:12 of 3rd period - Stopped by Brandon Halverson without a rebound.
10:13 of 3rd period - Samuel Asselin wins face-off versus Cole Cassels in Roadrunners zone.
10:22 of 3rd period - Shot by Cole Cassels.
10:22 of 3rd period - Stopped by Brandon Halverson with a rebound.
10:31 of 3rd period - Sasha Pastujov is hit by Ryker Evans.
11:32 of 3rd period - Shot by Olen Zellweger.
11:32 of 3rd period - Shot Misses the Net.
13:31 of 3rd period - Icing by Dmitri Samorukov.
13:32 of 3rd period - Nick Caamano wins face-off versus Roman Ahcan in Roadrunners zone.
13:39 of 3rd period - Shot by Scott Sabourin.
13:39 of 3rd period - Shot Misses the Net.
13:44 of 3rd period - Icing by Jeff Malott.
13:45 of 3rd period - Cole Cassels wins face-off versus Roman Ahcan in Roadrunners zone.
13:50 of 3rd period - Shot by Tyler Benson.
13:50 of 3rd period - Stopped by Brandon Halverson without a rebound.
13:51 of 3rd period - Lane Pederson wins face-off versus Nick Caamano in Roadrunners zone.
13:51 of 3rd period - Lane Pederson is hit by Scott Sabourin.
13:56 of 3rd period - Minor Penalty to Lane Pederson for Interference.
13:57 of 3rd period - Cole Cassels wins face-off versus Samuel Asselin in Roadrunners zone.
14:13 of 3rd period - Trey Fix-Wolansky is hit by Trevor Carrick and loses puck.
14:14 of 3rd period - Double Minor Penalty to Trevor Carrick for High sticking.
14:15 of 3rd period - Hudson Elynuik wins face-off versus Jared Davidson in Gulls zone.
14:22 of 3rd period - Shot by Hudson Elynuik.
14:22 of 3rd period - Stopped by Brandon Halverson without a rebound.
14:23 of 3rd period - Jared Davidson wins face-off versus Sasha Pastujov in Roadrunners zone.
14:48 of 3rd period - Shot by Sasha Pastujov.
14:48 of 3rd period - Stopped by Brandon Halverson without a rebound.
14:49 of 3rd period - Roman Ahcan wins face-off versus Sasha Pastujov in Roadrunners zone.
16:02 of 3rd period - Shot by Jack Ahcan.
16:02 of 3rd period - Stopped by Keith Kinkaid without a rebound.
16:03 of 3rd period - Cole Cassels wins face-off versus Oskar Steen in Gulls zone.
16:32 of 3rd period - Shot by Ryker Evans.
16:32 of 3rd period - Shot Misses the Net.
18:14 of 3rd period - Shot by Hunter Drew.
18:14 of 3rd period - Shot Misses the Net.
18:16 of 3rd period - Shot by Matthew Maggio.
18:16 of 3rd period - Shot Misses the Net.
18:18 of 3rd period - Shot by Matthew Maggio.
18:18 of 3rd period - Stopped by Keith Kinkaid with a rebound.
18:20 of 3rd period - Shot by Philip Kemp.
18:20 of 3rd period - Shot Blocked by Scott Sabourin.
18:37 of 3rd period - Icing by Gabriel Dumont.
18:38 of 3rd period - Nick Caamano wins face-off versus Roman Ahcan in Gulls zone.
19:56 of 3rd period - Minor Penalty to Lane Pederson for Tripping.
19:57 of 3rd period - Samuel Asselin wins face-off versus Cole Cassels in Roadrunners zone.
Goals for this period are 0 for Roadrunners vs 0 for Gulls.
Shots for this period are 8 for Roadrunners vs 6 for Gulls.
Back to the Top